 Dungeon Crawl Stone Soup version 0.27.0-1-g7a089689b8 (webtiles) character file.

Game seed: 15376902804959392516

55 sanka the Sneak (level 4, 0/35 HPs)
             Began as a Human Delver on Aug 8, 2021.
             Slain by a river rat (9 damage)
             ... in a sewer.
             The game lasted 00:03:41 (1281 turns).

sanka the Sneak (Human Delver)                      Turns: 1281, Time: 00:03:41

Health: 0/35       AC:  3    Str: 12    XL:     4   Next: 14%
Magic:  4/4        EV: 12    Int: 11    God:
Gold:   75         SH:  0    Dex: 15    Spells: 3/3 levels left

rFire    . . .     SeeInvis .     - Unarmed
rCold    . . .     Faith    .   (no shield)
rNeg     . . .     Spirit   .   a - +0 leather armour
rPois    .         Reflect  .   (no helmet)
rElec    .         Harm     .   (no cloak)
rCorr    .         Rampage  .   (no gloves)
Will     .....                  (no boots)
Stlth    +++.......             (no amulet)
HPRegen  0.11/turn              (no ring)
MPRegen  0.09/turn              (no ring)

@: very slightly contaminated, invisible
A: no striking features
a: no special abilities


You were in a sewer.
You visited 1 branch of the dungeon, and saw 4 of its levels.
You also visited: Sewer.

You collected 75 gold pieces.


   Skills:
 - Level 3.0 Fighting
 - Level 2.0 Dodging
 - Level 5.0 Stealth
 + Level 4.1 Unarmed Combat


You had 3 spell levels left.
You didn't know any spells.
Your spell library was empty.

Inventory:

Armour
 a - a +0 leather armour (worn)
 e - the +1 ring mail "Mungipho" {rElec rPois rC- Int-5}

   Int:       It affects your intelligence (-5).
   rC:        It makes you vulnerable to cold.
   rElec:     It insulates you from electricity.
   rPois:     It protects you from poison.
Wands
 f - a wand of digging (3)
Scrolls
 b - 4 scrolls of fog
 c - a scroll of magic mapping
 d - a scroll of fear
 g - a scroll of identify {unknown}
 h - a scroll of teleportation {unknown}

Dungeon Overview and Level Annotations

Branches:
Dungeon (6/15)              Sewer (1/1)
 Temple: D:4-7

Altars:

Annotations:
D:4 exclusion: ogre
D:5 exclusions: 3 gnolls, scorpion, skeleton and white imp
D:6 exclusion: orc

▒▒▒
▒.▒
▒.▒
▒.▒
▒.▒
▒∩▒
▒.▒
▒r▒
▒p▒
▒r▒
▒r▒
▒.▒
▒.▒
▒.▒
▒≈▒
▒≈▒


You could see a river rat and 2 rats.


Message History

Unknown command.
It was a potion of invisibility.
You fade into invisibility!
The rat bites you but does no damage. The river rat misses you.
You are very lightly contaminated with residual magic.
You hit the river rat but do no damage.
The river rat is almost dead.
The rat closely misses you.
Unknown command.
You barely miss the river rat.
The river rat is almost dead.
The river rat closely misses you. The rat bites you but does no damage.
Unknown command.
You strike the helpless river rat from behind!
You hit the river rat.
You kill the river rat!
Your Unarmed Combat skill increases to level 4!
You have reached level 4!
You feel agile.
You completely miss the river rat. The rat barely misses you.
The river rat barely misses you.
Unknown command.
You punch the river rat!
The river rat is severely wounded.
The rat barely misses you. The river rat bites you!
You die...

Action                   |  1- 3 |  4- 6 || total
-------------------------+-------+-------++-------
Melee: Unarmed           |    68 |     2 ||    70
       Punch             |     2 |       ||     2
  Use: Potion            |     2 |       ||     2
 Stab: Invisible         |     1 |       ||     1
       Sleeping          |     1 |       ||     1
Armor: Leather armour    |    27 |       ||    27
Dodge: Dodged            |    64 |     3 ||    67

Levels and vault maps discovered:
D:3:      layout_loops_corners, cheibrodos_sewer_entry_sluice,
          shapermc_ecumenical_altar_ellora, uniq_natasha, uniq_sigmund,
          uniq_purgy
D:4:      layout_rooms
D:5:      layout_loops_ring
D:6:      layout_loops_ring
Sewer:    sewer_kobolds

Notes
Turn   | Place    | Note
-------+----------+-------------------------------------------
     0 | D:5      | sanka the Human Delver began the quest for the Orb.
     0 | D:5      | Reached XP level 1. HP: 18/18 MP: 1/1
   105 | D:5      | Noticed a scorpion
   230 | D:6      | Noticed an ogre
   293 | D:5      | Reached skill level 3 in Unarmed Combat
   293 | D:5      | Reached XP level 2. HP: 11/24 MP: 2/2
   293 | D:5      | Reached XP level 3. HP: 13/29 MP: 3/3
   514 | D:5      | HP: 2/29 [bullfrog skeleton (2)]
   833 | D:4      | Noticed an ogre
   877 | D:4      | Identified the +1 ring mail "Mungipho" {rElec rPois rC-
                  | Int-5}
  1215 | D:3      | Found a faded altar of an unknown god.
  1246 | D:3      | Found a glowing drain.
  1259 | Sewer    | Entered a sewer
  1280 | Sewer    | Reached skill level 4 in Unarmed Combat
  1280 | Sewer    | Reached XP level 4. HP: 9/35 MP: 4/4
  1281 | Sewer    | Slain by a river rat

Vanquished Creatures
  A centaur skeleton (D:5)
  A hound skeleton (D:5)
  A river rat (Sewer)
  An orc (D:3)
  2 ball pythons
  A hobgoblin (D:3)
  A bat (D:3)
8 creatures vanquished.
